 Dungeon Crawl Stone Soup version 0.31-a0-819-gf6de2f5ab6 (webtiles) character file.

Game seed: 6888527099530328367

106 qw the Shooter (level 4, -4/28 HPs)
             Began as a Gargoyle Hunter on Sept 23, 2023.
             Slain by a +1 spectral club (5 damage)
             ... created by Ijyb
             ... on level 3 of the Dungeon.
             The game lasted 00:00:47 (2348 turns).

qw the Shooter (Gargoyle Hunter)                    Turns: 2348, Time: 00:00:48

Health: -4/28      AC:  5    Str: 14    XL:     4   Next: 84%
Magic:  4/4        EV: 10    Int: 10    God:
Gold:   132        SH:  0    Dex: 15    Spells: 3/3 levels left

rFire   . . .        Y - +1 shortbow (chaos)
rCold   + . .        (shield currently unavailable)
rNeg    + . .        f - +0 ring mail
rPois   inf          (no helmet)
rElec   +            c - +0 cloak
rCorr   .            (no gloves)
SInv    .            (no boots)
Will    .....        (no amulet)
Stlth   +            k - ring of protection from cold
HPRegen 0.24/turn    (no ring)
MPRegen 0.09/turn

%: no passive effects
@: corroded
A: sickness immunity, AC +3, negative energy resistance 1, electricity
resistance, torment resistance 1, petrification resistance
a: no special abilities


You were on level 3 of the Dungeon.
You visited 1 branch of the dungeon, and saw 3 of its levels.

You collected 132 gold pieces.


Innate Abilities, Weirdness & Mutations

You are immune to sickness and miasma.
Your stone body is resilient. (AC +3)
You are immune to poison.
You resist negative energy. (rN+)
You are resistant to electric shocks. (rElec)
You are resistant to unholy torment.
You are immune to petrification.


   Skills:
 - Level 3.0 Fighting
 + Level 5.5 Ranged Weapons
 - Level 1.0 Armour
 - Level 1.5 Dodging
 - Level 1.1 Stealth


You had 3 spell levels left.
You didn't know any spells.
Your spell library was empty.

Inventory:

Hand Weapons
 Y - a +1 shortbow of chaos (weapon)
Armour
 a - a +2 ring mail of fire resistance
 c - a +0 cloak (worn)
 f - a +0 ring mail (worn)
 h - a +0 pair of boots
 l - the +1 helmet of the Doldrums {*Slow rC+ Dex+6}
   (You found it on level 3 of the Dungeon)

   Dex+6:     It affects your dexterity (+6).
   rC+:       It protects you from cold.
   *Slow:     It may slow you when you take damage.
Jewellery
 k - a ring of protection from cold (left hand)
Scrolls
 b - 3 scrolls of identify
 j - a scroll of vulnerability {unknown}
Potions
 d - a potion of haste
 e - a potion of enlightenment
 g - a potion of degeneration {unknown}
 i - a potion of heal wounds {unknown}

Dungeon Overview and Level Annotations

Branches:
Dungeon (3/15)

Altars:

Annotations:
D:3 Ijyb


Message History

There is an open door here.
You open the large door. 2 goblins come into view.
The goblin shouts! x2
Ijyb the Twisted Goblin comes into view.
She is wielding a +1 spectral club and carrying a wand of acid.
You shoot an arrow. The arrow barely misses the goblin.
Ijyb shouts!
You shoot an arrow. The arrow hits the goblin.
The goblin is poisoned.
The goblin is severely wounded.
You shoot an arrow. The arrow hits the goblin.
You kill the goblin!
Ijyb screams, "Get away!"
You shoot an arrow. The arrow hits the goblin!
You kill the goblin!
Ijyb screams, "Me stronger than you!"
Ijyb zaps a wand.
The bolt of acid hits you!
Ouch! That really hurt!
Ijyb zaps a wand.
The bolt of acid hits you. The acid corrodes you!
You shoot an arrow. The arrow closely misses Ijyb.
You shoot an arrow. The arrow hits Ijyb.
You feel better.
Ijyb is moderately wounded.
Ijyb zaps a wand.
The bolt of acid misses you.
You shoot an arrow. The arrow completely misses Ijyb.
You shoot an arrow. The arrow barely misses Ijyb.
Ijyb zaps a wand.
The bolt of acid misses you.
You shoot an arrow. The arrow hits Ijyb but does no damage.
Ijyb is moderately wounded.
Ijyb zaps a wand.
The bolt of acid misses you.
You shoot an arrow. The arrow hits Ijyb.
The arrow freezes Ijyb.
Ijyb is moderately wounded.
Ijyb barely misses you. The +1 spectral club hits you!
A +1 spectral club comes into view.
You shoot an arrow. The arrow barely misses Ijyb.
Ijyb hits you with a +1 spectral club. The +1 spectral club hits you.
Ijyb barely misses you.
The +1 spectral club hits you but does no damage.
You shoot an arrow. The arrow hits Ijyb but does no damage.
Ijyb is poisoned.
Ijyb is moderately wounded.
The +1 spectral club hits you.
You die...

##~~~..#...#..#
.~~#########..#...#
.~~#..........#...#
...'..%...))..#...#
...'..........#...#
...'..........#.).#
#~~#..........#.).#
#~~#########..##g'#
##~~~..#...#....@(#
#~~~.)'...'......#
##~~..#...#......#
#### ############


You could see a +1 spectral club and Ijyb (poisoned).

Vanquished Creatures
  2 adders (D:3)
  2 worms (D:3)
  A dart slug (D:2)
  An orc (D:3)
  9 ball pythons
  10 endoplasms
  4 giant cockroaches
  11 goblins
  3 hobgoblins (D:1)
  6 jackals
  5 kobolds
  3 quokkas
  4 bats
  2 frilled lizards
  3 rats
66 creatures vanquished.

Notes
Turn   | Place    | Note
-------+----------+-------------------------------------------
     0 | D:1      | qw the Gargoyle Hunter began the quest for the Orb.
     0 | D:1      | Reached XP level 1. HP: 12/12 MP: 1/1
     0 | D:1      | 0 ||| qw: Version: 0.3-a-83-gcd0e7d8
     0 | D:1      | 0 ||| qw: Game counter: 1573
     0 | D:1      | 0 ||| qw: Melee chars always use a shield: true
     0 | D:1      | 0 ||| qw: God list: Okawaru
     0 | D:1      | 0 ||| qw: Allow faded altars: false
     0 | D:1      | 0 ||| qw: Do Orc after clearing Dungeon:15 true
     0 | D:1      | 0 ||| qw: Do second Lair branch before Depths: true
     0 | D:1      | 0 ||| qw: Lair rune preference: random
     0 | D:1      | 0 ||| qw: Goals: Normal
     0 | D:1      | 0 ||| PLANNING D:1-11
   156 | D:1      | Reached XP level 2. HP: 17/17 MP: 2/2
   524 | D:1      | You fall into a shaft and drop 1 floor!
   573 | D:2      | 573 ||| UPGRADING to +0 ring mail.
   580 | D:2      | 580 ||| UPGRADING to +0 leather armour.
   585 | D:2      | 585 ||| UPGRADING to +0 ring mail.
   595 | D:2      | 595 ||| DROPPING +0 leather armour.
   596 | D:2      | 596 ||| UPGRADING to ring of protection from cold.
   597 | D:2      | 597 ||| READING scroll labelled QOETUMN LIAHEBB.
   598 | D:2      | 598 ||| READING scroll labelled AMOCSY TORU.
   599 | D:2      | 599 ||| READING scroll labelled TOMPAR QANOCWYU.
   600 | D:2      | 600 ||| READING scroll labelled DEURHI BOLAI.
   601 | D:2      | 601 ||| DROPPING scroll of butterflies.
   606 | D:2      | 606 ||| FLEEEEING.
   609 | D:2      | 609 ||| STAIRDANCE
   757 | D:1      | Reached XP level 3. HP: 21/21 MP: 3/3
  1268 | D:1      | Reached skill level 1 in Armour
  1278 | D:1      | 1278 ||| UPGRADING to +0 cloak.
  1283 | D:1      | 1283 ||| READING 2 scrolls of identify.
  1283 | D:1      | 1283 ||| IDENTIFYING cyan potion
  1284 | D:1      | 1284 ||| DROPPING potion of attraction.
  1485 | D:2      | Reached skill level 5 in Ranged Weapons
  1767 | D:2      | 1767 ||| READING scroll labelled VAZUAC SAFAMM.
  1770 | D:2      | 1770 ||| READING 6 scrolls labelled FOISOI COSCHE.
  1771 | D:2      | 1771 ||| READING 3 scrolls of identify.
  1771 | D:2      | 1771 ||| IDENTIFYING fuming silvery potion
  1772 | D:2      | 1772 ||| READING 2 scrolls of identify.
  1772 | D:2      | 1772 ||| IDENTIFYING orange potion
  1773 | D:2      | 1773 ||| DROPPING 5 scrolls of amnesia.
  1875 | D:3      | Reached skill level 3 in Fighting
  1875 | D:3      | Reached XP level 4. HP: 28/28 MP: 4/4
  2106 | D:3      | Identified the +1 helmet of the Doldrums {*Slow rC+ Dex+6}
  2336 | D:3      | Noticed Ijyb
  2346 | D:3      | HP: 6/28 [+1 spectral club[Ijyb] (7)]
  2347 | D:3      | HP: 1/28 [+1 spectral club[Ijyb] (3)]
  2348 | D:3      | Slain by a +1 spectral club

Levels and vault maps discovered:
D:1:      dpeg_arrival_lava_temple_mockup, layout_basic,
          minmay_shallow_snake_nest
D:2:      cheibrodos_old_hovel, layout_loops_ring, nicolae_titane
D:3:      kennysheep_goblin_castle, layout_rooms, grunt_ministairs_12,
          corexii_hall_statues_x, minmay_checkerbox

Skill      XL: |  1  2  3 |
---------------+----------+-----
Armour         | 1 |  1.0
Ranged Weapons | 5 |  5.5
Fighting       | 3 |  3.0
Dodging        | |  1.5
Stealth        | |  1.1

Action                     |  1- 3 |  4- 6 || total
---------------------------+-------+-------++-------
   Fire: Shortbow          |   114 |    55 ||   169
    Use: Scroll            |     9 |       ||     9
 Armour: Leather armour    |    11 |       ||    11
         Ring mail         |    10 |    21 ||    31
  Dodge: Dodged            |    26 |    18 ||    44

Table legend:
 A = Non-vault XP
 B = Vault XP
 C = Vault XP percentage of total XP
 D = Non-vault monster count
 E = Vault monster count
 F = Vault count percentage of total count
                 A         B        C        D         E       F
            +---------+---------+-------+---------+---------+-------
      Total |     113 |      39 |  25.7 |      47 |      19 |  28.8
            +---------+---------+-------+---------+---------+-------
        D:1 |      34 |       2 |   5.6 |      20 |       1 |   4.8
        D:2 |      27 |       2 |   6.9 |      14 |       1 |   6.7
        D:3 |      52 |      35 |  40.2 |      13 |      17 |  56.7
            +---------+---------+-------+---------+---------+-------
